Cogmind - Beta 16.1 @@@ ROGUE MODE // 2026.03.15 @ 11:54:24 Player: Ragnakor Result: Self-destructed Performance ------------- Evolutions (2) 1000 Regions Visited (5) 1000 Robots Destroyed (36) 180 Value Destroyed (725) 725 Prototype IDs (0) 0 Alien Tech Used (0) 0 Bonus (0) 0 TOTAL SCORE: 2905 Bonus ------- None Cogmind --------- Core Integrity 416/550 Matter 242/300 Energy 125/125 System Corruption 17% Temperature Cool (0) Movement Walking (190) Ox1 Location -8/Materials Parts ------- > --- POWER (1) -------- Light Ion Engine > --- PROPULSION (4) --- Aluminum Leg Aluminum Leg > --- UTILITY (4) ------ Small Storage Unit Sensor Array > --- WEAPON (2) ------- High-powered Shotgun > --- INVENTORY (8) ---- Flight Unit Terrain Scan Processor ECM Suite Peak State ------------ > --- POWER ------------ Light Ion Engine > --- PROPULSION ------- Aluminum Leg Aluminum Leg Aluminum Leg Aluminum Leg > --- UTILITY ---------- Small Storage Unit Sensor Array Signal Interpreter > --- WEAPON ----------- High-powered Shotgun Makeshift Sword > --- INVENTORY -------- Flight Unit Terrain Scan Processor ECM Suite [Rating: 15] Favorites ----------- Power Ion Engine Engine Ion Engine Power Core Light Nuclear Core Propulsion Aluminum Leg Leg Aluminum Leg Utility Small Storage Unit Device Improved Terrain Scanner Storage Small Storage Unit Processor Visual Processing Unit Weapon Assault Rifle Energy Gun EM Pulse Gun Ballistic Gun Assault Rifle Launcher Rocket Launcher Slashing Weapon Makeshift Sword Build | -11 -10 -10 -10 -9 -8 ------- Run | Yrd Mat Min Exi Min Mat Slots Evolved 4 | . . . . . 4 Power . | . . . . . . Propulsion 2 | . . . . . 2 Utility 2 | . . . . . 2 Weapon . | . . . . . . Parts Attached 30 | 7 8 6 1 6 2 Power 4 | 1 . 1 . 2 . Engine 3 | 1 . 1 . 1 . Core 1 | . . . . 1 . Reactor . | . . . . . . Propulsion 12 | 2 5 3 . 2 . Treads . | . . . . . . Leg 12 | 2 5 3 . 2 . Wheel . | . . . . . . Hover . | . . . . . . Flight . | . . . . . . Utility 5 | 2 . 1 . 1 1 Device 2 | 1 . . . 1 . Storage 1 | 1 . . . . . Processor 2 | . . 1 . . 1 Hackware . | . . . . . . Protection . | . . . . . . Artifact . | . . . . . . Weapon 9 | 2 3 1 1 1 1 Energy Gun 2 | . 1 . . 1 . Energy Cannon . | . . . . . . Ballistic Gun 4 | 2 1 . . . 1 Ballistic Cannon . | . . . . . . Launcher 2 | . 1 1 . . . Special Weapon . | . . . . . . Impact Weapon . | . . . . . . Slashing Weapon 1 | . . . 1 . . Piercing Weapon . | . . . . . . Special Melee Weapon . | . . . . . . Unidentified Prototypes . | . . . . . . Parts Lost 13 | . 2 3 . 4 4 Power 1 | . . . . 1 . Propulsion 4 | . . 1 . 1 2 Utility 3 | . . 1 . 1 1 Weapon 5 | . 2 1 . 1 1 Highest Loss Streak 4 | . 1 2 . 1 4 To Critical Strikes . | . . . . . . Average Backups 6 | 1 4 7 8 7 3 Power . | . 1 1 1 . . Propulsion 2 | . 1 2 3 2 1 Utility 2 | . 1 3 4 3 2 Weapon . | . 1 . . . . Tool/Special . | . . . . . . Unused Backups 3 | . . . . . 3 Power . | . . . . . . Propulsion 1 | . . . . . 1 Utility 2 | . . . . . 2 Weapon . | . . . . . . Tool/Special . | . . . . . . Average Slot Usage (%) 96 | . 96 98 100 95 83 Engine 11 | . 13 14 14 4 9 Core 1 | . . . . 9 . Leg 27 | . 25 28 28 27 33 Device 7 | . 14 6 . 1 9 Storage 13 | . 14 14 14 14 9 Processor 6 | . . 6 14 12 6 Energy Gun 5 | . 7 4 . 8 2 Ballistic Gun 11 | . 18 14 11 . 6 Launcher 5 | . 1 8 14 1 . Slashing Weapon 3 | . . . 2 14 7 Peak Build Rating 15 | 9 10 11 12 13 15 Average Rating 9 | 5 9 9 9 12 13 On Entrance 8 | . 9 10 9 12 10 Avg Prop Armor Cover (%) . | . . . . . . Naked Turns . | . . . . . . Heaviest Build 17 | 14 16 17 16 16 14 Greatest Support 40 | 20 20 20 20 20 40 Greatest Overweight (x) 1 | 1 1 . . 1 . Average Overweight (x) . | . . . . . . Largest Inventory Capacity 8 | 8 8 8 8 8 8 Average Capacity 7 | 7 8 8 8 8 8 Most Carried 8 | 2 8 8 8 8 5 Average Carried 6 | 1 4 7 8 7 3 Final Capacity 8 | 8 8 8 8 8 8 Final Carried 8 | 2 8 8 8 6 3 Class Distribution -------------------- 50% | Mutant 49% | Scavenger-Mutant Dominant Class ---------------- Mutant | -10/Materials Scavenger-Mutant | -10/Mines Scavenger-Mutant | -10/Exiles Scavenger-Mutant | -9/Mines Scavenger-Mutant | -8/Materials Resources | -11 -10 -10 -10 -9 -8 ----------- Run | Yrd Mat Min Exi Min Mat Matter Collected 981 | 194 329 264 . 194 . Remotely . | . . . . . . Salvage Created 902 | 40 446 263 . 153 . Parts 73 | 6 44 15 . 8 . Haulers Intercepted . | . . . . . . Recyclers Shooed 2 | . 2 . . . . Parts Field Recycled . | . . . . . . Retrieved Matter . | . . . . . . Parts Self-Destructed . | . . . . . . Prevented . | . . . . . . Parts Restored . | . . . . . . Kills | -11 -10 -10 -10 -9 -8 ------- Run | Yrd Mat Min Exi Min Mat Combat Hostiles Destroyed 31 | . 14 6 . 11 . Melee 2 | . . . . 2 . Guns 13 | . 6 4 . 3 . AOE 16 | . 8 2 . 6 . Classes Destroyed 8 | 1 6 . . 1 . Builder 4 | . 3 1 . . . Tunneler 2 | 2 . . . . . Recycler 1 | . 1 . . . . Mechanic 1 | . 1 . . . . Watcher 3 | . 3 . . . . Swarmer 9 | . 9 . . . . Grunt 16 | . 5 7 . 4 . Assembled 9 | . . . . 9 . Best Kill Streak 13 | 2 13 3 . 6 . Combat Bots Only 6 | . 6 3 . 6 . Max Kills in Single Turn 3 | 1 3 2 . 3 . Gunslinging . | . . . . . . Exploded 3 | . 3 2 . 2 . Melee 1 | . . . . 1 . Uniques/NPCs Destroyed . | . . . . . . Combat | -11 -10 -10 -10 -9 -8 -------- Run | Yrd Mat Min Exi Min Mat Hostile Shots Fired 131 | . 46 36 . 49 . Missed 44 | . 15 10 . 19 . Hits 87 | . 31 26 . 30 . Melee 3 | . . . . 3 . Projectile 84 | . 31 26 . 27 . Critical Strikes 1 | . . 1 . . . Damage Taken 1836 | . 369 424 . 490 553 Core 349 | . 64 60 . 91 134 Absorbed by Shields . | . . . . . . Core Remaining (%) 57 | 100 . . . 14 . Volleys Fired 95 | 3 41 28 . 15 8 Largest 2 | 2 2 2 . 1 1 Hottest 60 | 40 60 60 . 40 25 Shots Fired 150 | 6 80 41 . 15 8 Gun 131 | 6 68 38 . 11 8 Cannon . | . . . . . . Launcher 19 | . 12 3 . 4 . Special . | . . . . . . Kinetic 98 | 6 54 30 . . 8 Thermal 11 | . . . . 11 . Explosive 19 | . 12 3 . 4 . Electromagnetic 22 | . 14 8 . . . Robot Hit Streak 10 | 4 6 10 . 5 . Robot Miss Streak 4 | . 4 3 . 1 . Penetration Max . | . . . . . . Secondary Targets 1 | . . 1 . . . Max Gunslinging Chain 1 | . . 1 . . . Shots Hit Robots 77 | 4 36 24 . 13 . Core Hits 73 | 2 26 16 . 29 . Critical Kills 3 | . 2 1 . . . Critical Parts Destroyed . | . . . . . . Critical Strikes 4 | . 2 2 . . . Destroy 3 | . 2 1 . . . Corrupt 1 | . . 1 . . . Melee Attacks 12 | . . . . 10 2 Impact . | . . . . . . Slashing 12 | . . . . 10 2 Piercing . | . . . . . . Sneak Attacks . | . . . . . . Combat Hostiles . | . . . . . . Follow-up Attacks . | . . . . . . Damage Inflicted 2576 | 44 1187 497 . 840 8 Guns 833 | 44 403 287 . 99 . Cannons . | . . . . . . Explosions 1592 | . 784 210 . 598 . Melee 143 | . . . . 143 . Ramming 8 | . . . . . 8 Kinetic 600 | 44 282 274 . . . Thermal 137 | . 38 . . 99 . Explosive 1554 | . 746 210 . 598 . Electromagnetic 134 | . 121 13 . . . Impact . | . . . . . . Slashing 143 | . . . . 143 . Piercing . | . . . . . . Highest Corruption 17 | . 2 2 2 2 17 Average Corruption 2 | . 1 2 2 2 10 Corruption Purged . | . . . . . . Corruption Blocked . | . . . . . . Effects 22 | . 4 8 1 8 1 Message Errors 2 | . . . . 2 . Matter Fused 9 | . 3 2 . 3 1 Heat Flow Errors 1 | . . . 1 . . Energy Discharges 3 | . . . . 3 . Parts Fused 1 | . . 1 . . . Data Loss (minor) 1 | . . 1 . . . Data Loss (major) 1 | . 1 . . . . Misfires 4 | . . 4 . . . Overload Shots . | . . . . . . Overflow Damage 24 | . 2 . . 22 . Projectiles . | . . . . . . Explosions 24 | . 2 . . 22 . Melee . | . . . . . . Knockbacks . | . . . . . . Impact . | . . . . . . Kinetic . | . . . . . . Secondary . | . . . . . . Self-Inflicted Damage 159 | . 52 60 . 39 8 Shots 6 | . 3 2 . 1 . Rammed . | . . . . . . Targets Rammed . | . . . . . . Kicked . | . . . . . . Crushed . | . . . . . . Highest Temperature 251 | . 26 64 251 48 . Average Temperature 37 | . 9 27 132 18 . Received Heat Transfer 439 | . 48 231 . 160 . Siege Activations . | . . . . . . Martial Activations . | . . . . . . Shielding Activations . | . . . . . . Robots Disrupted . | . . . . . . Combat Hostiles . | . . . . . . Robots Corrupted . | . . . . . . Combat Hostiles . | . . . . . . Parts Fried . | . . . . . . Impact Corruptions . | . . . . . . Robots Melted . | . . . . . . Combat Hostiles . | . . . . . . Parts Melted . | . . . . . . Heat Transferred 225 | . . . . 225 . Parts Sabotaged . | . . . . . . Parts Stolen . | . . . . . . Parts Stripped . | . . . . . . Power Chain Reactions 1 | . 1 . . . . Alert | -11 -10 -10 -10 -9 -8 ------- Run | Yrd Mat Min Exi Min Mat Maximum Alert Level 1 | . 1 . . . . Low Security (%) 91 | 100 75 100 . 100 100 Level 1 8 | . 24 . . . . Level 2 . | . . . . . . Level 3 . | . . . . . . Level 4 . | . . . . . . Level 5 . | . . . . . . High Security . | . . . . . . Max Security . | . . . . . . Peak Influence 318 | 5 318 93 . 40 30 Initial 52 | . 3 52 . . . Average 58 | 1 134 27 . 5 6 Influence Increases 874 | 10 531 222 . 80 31 Destroy 0b10 Robot/C 440 | . 280 120 . 40 . Destroy 0b10 Robot/NC 55 | 10 40 5 . . . Destroy Leader 106 | . 66 30 . 10 . Allied During Kill 8 | . . 8 . . . Successful Hack 47 | . 17 . . . 30 Disable Machine 60 | . 30 30 . . . Destroy Structure 98 | . 53 14 . 30 1 Lose Combat Pursuer 60 | . 45 15 . . . Influence Decreases 874 | 5 401 279 78 80 31 Entered New Map 163 | . 2 83 78 . . Time Decay 500 | 5 229 166 . 70 30 Lost Part 61 | . 20 30 . 10 1 Purge Threat 150 | . 150 . . . . Squads Dispatched 3 | . 3 . . . . Investigation 2 | . 2 . . . . Extermination . | . . . . . . Reinforcement 1 | . 1 . . . . Assault . | . . . . . . Garrison . | . . . . . . Intercept . | . . . . . . Searches Triggered . | . . . . . . Construction Impeded . | . . . . . . Haulers Reinforced . | . . . . . . Active Scanning Responses . | . . . . . . Cargo Convoy Interrupts . | . . . . . . Stealth | -11 -10 -10 -10 -9 -8 --------- Run | Yrd Mat Min Exi Min Mat Distress Signals 2 | . 2 . . . . Communications Jammed . | . . . . . . Distress Signals . | . . . . . . Times Spotted 58 | . 25 7 . 26 . Peak Tracking Total 17 | . 5 4 . 17 . Tactical Retreats 5 | . 1 1 . 3 . Traps | -11 -10 -10 -10 -9 -8 ------- Run | Yrd Mat Min Exi Min Mat Traps Triggered 4 | . 4 . . . . Indirectly . | . . . . . . Trap Hack Attempts . | . . . . . . Triggered . | . . . . . . Disarmed . | . . . . . . Reprogrammed . | . . . . . . Reused . | . . . . . . Traps Extracted . | . . . . . . Installed . | . . . . . . Triggered . | . . . . . . Machines | -11 -10 -10 -10 -9 -8 ---------- Run | Yrd Mat Min Exi Min Mat Machines Disabled 4 | . 2 2 . . . Max in Single Turn 1 | . 1 1 . . . Machines Repaired . | . . . . . . Machines Dismantled . | . . . . . . Machines Sabotaged . | . . . . . . Overloaded Fab Kills . | . . . . . . Hacking | -11 -10 -10 -10 -9 -8 --------- Run | Yrd Mat Min Exi Min Mat Machines Accessed 8 | . 7 . . . 1 Terminals 6 | . 5 . . . 1 Fabricators . | . . . . . . Repair Stations 1 | . 1 . . . . Recycling Units 1 | . 1 . . . . Scanalyzers . | . . . . . . Garrison Access . | . . . . . . Total Hacks 21 | . 18 . . . 3 Successful 11 | . 9 . . . 2 Failed 10 | . 9 . . . 1 Catastrophic . | . . . . . . Database Lockouts . | . . . . . . Manual 12 | . 9 . . . 3 Terminals 19 | . 16 . . . 3 Fabricators . | . . . . . . Repair Stations 1 | . 1 . . . . Recycling Units 1 | . 1 . . . . Scanalyzers . | . . . . . . Garrison Access . | . . . . . . Terminal Hacks 3 | . 3 . . . . Terminal Index 1 | . 1 . . . . Unreport Threat 1 | . 1 . . . . Hauler Manifests 1 | . 1 . . . . Fabricator Hacks . | . . . . . . Repair Station Hacks . | . . . . . . Recycling Unit Hacks 1 | . 1 . . . . Report Inventory 1 | . 1 . . . . Scanalyzer . | . . . . . . Garrison Access Hacks . | . . . . . . Unauthorized Hacks 7 | . 5 . . . 2 Terminals 6 | . 4 . . . 2 Botnet 5 | . 4 . . . 1 Operators 1 | . . . . . 1 Fabricators . | . . . . . . Repair Stations 1 | . 1 . . . . Mechanics 1 | . 1 . . . . Recycling Units . | . . . . . . Scanalyzers . | . . . . . . Garrison Access . | . . . . . . Data Cores Recovered . | . . . . . . Used . | . . . . . . Hacking Detections 6 | . 5 . . . 1 Full Trace Events 1 | . 1 . . . . Feedback Events . | . . . . . . Feedback Blocked . | . . . . . . Robot Schematics Acquired . | . . . . . . Robots Built . | . . . . . . Authchips . | . . . . . . Time . | . . . . . . Total Robot Build Rating . | . . . . . . Part Schematics Acquired . | . . . . . . Parts Built . | . . . . . . Authchips . | . . . . . . Time . | . . . . . . Total Part Build Rating . | . . . . . . Part Studies Acquired . | . . . . . . Parts Repaired . | . . . . . . Time . | . . . . . . Parts Recycled . | . . . . . . Recycled Matter . | . . . . . . Retrieved Matter . | . . . . . . Retrieved Components . | . . . . . . Parts Scanalyzed . | . . . . . . Part Schematics Acquired . | . . . . . . Parts Damaged . | . . . . . . Bothacking | -11 -10 -10 -10 -9 -8 ------------ Run | Yrd Mat Min Exi Min Mat Used RIF Installer . | . . . . . . Robots Hacked . | . . . . . . Non-combat . | . . . . . . Combat . | . . . . . . Robot Hacks Applied . | . . . . . . Relay Couplers Released . | . . . . . . Fabnet Peak Effective % . | . . . . . . Robots Rewired . | . . . . . . Allies Hacked . | . . . . . . Hacks Repelled . | . . . . . . Allies | -11 -10 -10 -10 -9 -8 -------- Run | Yrd Mat Min Exi Min Mat Total Allies 3 | . . 3 . . . Largest Group 3 | . . 3 2 2 . Highest-Rated Group 40 | . . 40 32 32 . Highest-Rated Ally 16 | . . 16 16 16 . Total Orders . | . . . . . . Ally Attacks 2 | . . . . 2 . Total Damage 31 | . . . . 31 . Kills 1 | . . . . 1 . Allies Corrupted . | . . . . . . Allies Melted . | . . . . . . Intel | -11 -10 -10 -10 -9 -8 ------- Run | Yrd Mat Min Exi Min Mat Active Infowar (turns) 1936 | 9 629 473 319 412 94 Optics 925 | . . 234 319 372 . Sensors 134 | . . . . 40 94 Terrain 877 | 9 629 239 . . . Robot Analysis Total . | . . . . . . Derelict Logs Recovered 3 | . . 2 . 1 . Drone Launches . | . . . . . . Drone Recoveries . | . . . . . . Exploration | -11 -10 -10 -10 -9 -8 ------------- Run | Yrd Mat Min Exi Min Mat Turns Passed 2050 | 75 629 495 319 419 113 Spaces Moved 1393 | 47 386 337 258 294 71 Core 6 | 6 . . . . . Treads . | . . . . . . Legs 1387 | 41 386 337 258 294 71 Wheels . | . . . . . . Hover . | . . . . . . Flight . | . . . . . . Fastest Speed 50 | 50 120 120 120 120 120 Average Speed 122 | 116 127 120 120 120 120 Slowest Speed 190 | 120 190 120 120 190 120 Overloaded Moves . | . . . . . . Propulsion Burnouts . | . . . . . . Robots Hopped . | . . . . . . Potential Cave-ins 2 | . . . . 2 . Cave-ins Triggered 2 | . . . . . 2 Exploration Rate (%) 49 | 3 69 79 64 69 10 Regions Visited 5 Branch Regions 3 Pre-discovered Areas 2 | . . 2 . . . Known Exits Taken . | . . . . . . Unknown Exits Taken 5 | 1 1 1 1 1 . Scrap Searched 3 | . . 1 . 2 . Spaces Dug 2 | . . . . . 2 Terrain Destroyed 124 | . 66 21 . 35 2 Melee 2 | . . . . . 2 Projectile . | . . . . . . AOE 122 | . 66 21 . 35 . Terrain Rammed 2 | . . . . . 2 Walls Destroyed . | . . . . . . Machines Disabled . | . . . . . . Actions | -11 -10 -10 -10 -9 -8 --------- Run | Yrd Mat Min Exi Min Mat Total 1581 | 58 443 391 267 335 87 Wait 27 | . . 16 5 6 . Move 1388 | 46 385 336 257 293 71 Hop . | . . . . . . Pick Up 9 | 2 5 1 . 1 . Fast Attach 11 | 7 2 1 . 1 . Attach 10 | . 2 2 . 3 3 Detach . | . . . . . . Swap 15 | . 6 4 1 3 1 Drop 8 | . 2 3 . 3 . Fire 95 | 3 41 28 . 15 8 Melee 12 | . . . . 10 2 Ram 2 | . . . . . 2 Kick . | . . . . . . Crush . | . . . . . . Escape Stasis . | . . . . . . Rewire 4 | . . . 4 . . Trap . | . . . . . . Miscellaneous . | . . . . . . Route ------- -11/Scrapyard -10/Materials (discovered 3 exits: [*Mat x2] / [*Min]) -10/Mines (discovered 2 exits: [*Mat] / *Exi) -10/Exiles (discovered 2 exits: [*Min x2]) -9/Mines -8/Materials History --------- Turn | Location | Event 13 | -11/Scrapyard | Discovered new exit (range 15) 76 | -11/Scrapyard | Entered Materials 310 | -10/Materials | Build established: Mutant 420 | -10/Materials | Discovered new exit (range 8) 555 | -10/Materials | Discovered new exit (range 8) 675 | -10/Materials | Discovered new exit (range 12) 705 | -10/Materials | Entered Mines 738 | -10/Mines | Learned location of Mines (-9) 759 | -10/Mines | Learned Materials interactive machine intel 767 | -10/Mines | Discovered new exit (range 13) 770 | -10/Mines | Learned location of Storage (-9) 825 | -10/Mines | Received a Rocket Launcher from a helpful Derelict 1072 | -10/Mines | Assisted by bots powering up and referring to "LRC-V3" 1186 | -10/Mines | Deemed a non-threat by the Exiles lab entrance 1187 | -10/Mines | Discovered new exit (range 5) 1200 | -10/Mines | Entered Exiles 1200 | -10/Exiles | Found Exiles lab destroyed 1200 | -10/Exiles | Accompanied by 2 allies 1217 | -10/Exiles | Discovered new exit (range 16) 1253 | -10/Exiles | Build established: Scavenger-Mutant 1505 | -10/Exiles | Discovered new exit (range 10) 1519 | -10/Exiles | Entered Mines 1519 | -9/Mines | Accompanied by 2 allies 1546 | -9/Mines | Assembled infested the area 1551 | -9/Mines | Assisted by a Guerilla fighting off Assembled 1561 | -9/Mines | Core integrity fell below 50% 1686 | -9/Mines | Learned Materials garrison access intel 1890 | -9/Mines | Core integrity fell below 20% 1919 | -9/Mines | Discovered new exit (range 8) 1938 | -9/Mines | Entered Materials 1938 | -8/Materials | Evolved 4 slots: Propulsion x2, Utility x2 1939 | -8/Materials | Loaded intel: 19 interactive machine locations 1940 | -8/Materials | Loaded intel: 1 garrison access location 2031 | -8/Materials | Crushed by falling debris 2031 | -8/Materials | System corruption reached 10% 2050 | -8/Materials | Crushed by falling debris 2051 | -8/Materials | Self-destructed Last Messages --------------- 02031_ Crushed by falling debris. 02031_ Mak. Sword destroyed. 02031_ System corrupted by crushing effect (+1). 02031_ Signal Interpreter destroyed. 02031_ System corrupted by crushing effect (+4). 02031_ Aluminum Leg destroyed. 02031_ System corrupted by crushing effect (+5). 02032_ Kicked Earth. 02032_ Destabilizing: System interference. 02032_ Sensor Array temporarily disabled. 02032_ Aluminum Leg broken. 02032_ Destabilizing: Short circuit. 02040_ System corrupted: Matter fused (-6). 02049_ Kicked Earth. 02049_ Destabilizing: System corrupted (+2). 02049_ Destabilizing: Core damaged (-5). 02050_ The unstable cave ceiling collapses. 02050_ Crushed by falling debris. 02050_ Aluminum Leg destroyed. 02050_ System corrupted by crushing effect (+5). Map ----- +----------------------------------------------------+ | ???????????# # # # | | ???????????# # # # | | ??????# ???# # # # | | ??????# ??# # + "" # | | ??????# ?# ?# # "" # | | ??????# ?? ?# # "T # | | ??????# ####+### # "" # | | ??????# # "" # | | ??????# # # | | ??????# ############ | | ??????# #?#########? | | ??????# #? !!! # | | ?##+### # !!! # | | ?# # !!! # | | ?# + # | | ?## "" # # | | ??# "G " ## # | | ??# "" """ ############# | | ??# "" # [[ # | | ??# """ # """ [[ # | | ??? "" # """ [ # | | ??? """ # """ # | | ???? """ # [ # | | ???? """ + # | | ???? " ############? | | ??? #????????#@#? | | ??? #????????###? | | ???########## #???????????? | | ????????????+ +???????????? | | ????????"""?# #?"Y"???????? | | ?????????R"?# #?"""???????? | | ????????"""?###????????????? | | ???????????????????????????? | | ???????????????????????????? | | ???????????????????????????? | | ???????????????????????????? | | ???????????????????????????? | | ???????????????????????????? | | ???????????????????????????? | | ???????????????????????????? | | | | | | | | | | | | | | | | | | | | | +----------------------------------------------------+ Best States ------------- Heat Dissipation 31 Energy Generation 14 Energy Capacity 250 Matter Stores 300 Matter Capacity 300 Sight Range 18 Robot Scan Range 14 Terrain Scan Range 16 Terrain Scan Density 10 Evasion (%) 55 Item Schematics ----------------- None Robot Schematics ------------------ None Fabricated ------------ Nothing Repaired ---------- Nothing Studied --------- None Alien Tech Used ----------------- None Achievements -------------- My Bad Challenges ------------ None Game ------ Seed GravmagThermicLog Manual? 0 Play Time 00:20:13 Cumulative 29.4 hours Start 2026.03.15 @ 11:34:50 End 2026.03.15 @ 11:54:24 Sessions 1 Manual Loads 0 Difficulty Rogue Special Mode None Game No. 53 Rogue 53 Adventurer 0 Explorer 0 Win Type - Total 0 Types 0/0/0/0/0/0/0/0/0/0 Lore% 24 Gallery% 24 Achievement% 21 Wizard Run 0 Options --------- Layout 1 ASCII 0 Keyboard 0 Movement Numpad Keybinds 0 Fullscreen 1 Font 24/Smallcaps Map View 50x35 Zoom Use 0% Tactical HUD 1 Map Filters NONE Filters NONE Steam 1 RUN: 47372dab-8f26-4a90-82df-f810f241adb9